 Dungeon Crawl Stone Soup version 0.27-a0-1200-g94dc6ad4cf (webtiles) character file.

Game seed: 185933835093568512

346 Gargoyl the Skirmisher (level 6, -4/52 (53) HPs)
             Began as a Gnoll Abyssal Knight on May 30, 2021.
             Was a Believer of Lugonu.
             Slain by a necrophage (5 damage)
             ... on level 4 of the Dungeon.
             The game lasted 00:05:10 (4959 turns).

Gargoyl the Skirmisher (Gnoll Abyssal Knight)       Turns: 4959, Time: 00:05:11

HP:   -4/52 (53)    AC: 12    Str: 14    XL:     6   Next: 59%
MP:   9/9           EV:  2    Int: 11    God:    Lugonu [**....]
Gold: 293           SH: 11    Dex: 11    Spells: 9/9 levels left

rFire    . . .     SeeInvis .   d - +2 war axe (freeze)
rCold    . . .     Faith    .   e - +0 tower shield
rNeg     . . .     Spirit   .   j - +0 chain mail
rPois    .         Reflect  .   b - +1 helmet
rElec    .         Harm     .   (no cloak)
rCorr    .         Rampage  .   (no gloves)
Will     .....                  (no boots)
Stlth    ..........             (no amulet)
HPRegen  0.17/turn              (no ring)
MPRegen  0.11/turn              (no ring)

@: lightly drained
A: fangs 1, strong nose, distributed training
a: Renounce Religion, Depart the Abyss, Bend Space


You were on level 4 of the Dungeon.
You worshipped Lugonu.
Lugonu was pleased with you.
You visited 1 branch of the dungeon, and saw 4 of its levels.
You visited the Abyss 1 time.

You collected 293 gold pieces.

Inventory:

Hand Weapons
 a - a +1 hand axe
 d - a +2 war axe of freezing (weapon)
Missiles
 c - 38 poisoned darts (quivered)
Armour
 b - a +1 helmet (worn)
 e - a +0 tower shield (worn)
 j - a +0 chain mail (worn)
Wands
 h - a wand of paralysis (6)
 s - a wand of polymorph (6)
Scrolls
 f - a scroll of identify
 g - 3 scrolls of blinking
 i - a scroll of fear
 k - 2 scrolls of teleportation
 r - a scroll of fog
Potions
 l - a potion of brilliance
 m - a potion of might {unknown}
 n - a potion of heal wounds
 o - 3 potions of flight {unknown}
 p - 4 potions of cancellation {unknown}
 q - a potion of haste {unknown}


   Skills:
 + Level 6.8 Fighting
 + Level 2.0 Short Blades
 + Level 2.0 Long Blades
 + Level 5.0 Axes
 + Level 2.0 Maces & Flails
 + Level 2.0 Polearms
 + Level 2.0 Staves
 + Level 2.0 Slings
 + Level 2.0 Bows
 + Level 2.0 Crossbows
 + Level 2.0 Throwing
 + Level 5.0 Armour
 + Level 3.3 Dodging
 + Level 2.0 Stealth
 + Level 2.0 Shields
 + Level 2.0 Unarmed Combat
 + Level 2.0 Spellcasting
 + Level 1.6 Conjurations
 + Level 1.6 Hexes
 + Level 1.6 Summonings
 + Level 1.6 Necromancy
 + Level 1.6 Translocations
 + Level 1.6 Transmutations
 + Level 1.6 Fire Magic
 + Level 1.6 Ice Magic
 + Level 1.6 Air Magic
 + Level 1.6 Earth Magic
 + Level 1.6 Poison Magic
 + Level 5.1 Invocations
 + Level 2.0 Evocations


You had 9 spell levels left.
You didn't know any spells.
Your spell library contained the following spells:

 Spells                   Type           Power      Damage    Failure   Level
 Corona                   Hex            4%         N/A       100%        1
 Ensorcelled Hibernation  Hex/Ice        8%         N/A       100%        2
 Confusing Touch          Hex            4%         N/A       100%        3
 Dazzling Flash           Conj/Hex       8%         N/A       100%        3
 Tukima's Dance           Hex            4%         N/A       100%        3


Dungeon Overview and Level Annotations

Branches:
Dungeon (4/15)
 Temple: D:4-7

Altars:
Yredelemnul


Innate Abilities, Weirdness & Mutations

You have very sharp teeth.
Your uncanny sense of smell can sniff out nearby items.
Your experience applies equally to all skills.


Message History

An ogre and a necrophage come into view.
The ogre shouts!
The necrophage moves out of view.
An ogre is nearby!
Throw: 40 darts (poison)
Press: ? - help, Q - select action, (/) - cycle Shift-Dir - straight line, f - ogre
Aim: an ogre, wielding a +0 giant spiked club (73% to hit)
You throw a poisoned dart.
The poisoned dart closely misses the ogre.
Throw: 39 darts (poison)
Press: ? - help, Q - select action, (/) - cycle Shift-Dir - straight line, f/p - ogre
Aim: an ogre, wielding a +0 giant spiked club (74% to hit)
You throw a poisoned dart. The poisoned dart hits the ogre.
The ogre is poisoned.
The ogre hits you with a +0 giant spiked club!!
Your chain mail prevents you from hitting the ogre.
Your bite misses the ogre.
The ogre is lightly wounded.
You block the ogre's attack. The necrophage hits you.
You feel drained.
Unknown command.
You slash the ogre! You freeze the ogre.
The ogre is heavily wounded.
You closely miss the necrophage.
The ogre hits you with a +0 giant spiked club.
You block the necrophage's attack. x2
The ogre hits you with a +0 giant spiked club!
Unknown command.
You completely miss the ogre.
The ogre is heavily wounded.
You hit the necrophage. You freeze the necrophage.
The ogre looks more healthy.
The necrophage hits you but does no damage.
You block the ogre's attack. You block the necrophage's attack.
Unknown command.
You hit the ogre. You freeze the ogre.
The ogre is severely wounded.
You barely miss the necrophage.
The ogre hits you with a +0 giant spiked club!
* * * LOW HITPOINT WARNING * * *
The necrophage hits you.
You die...

*,,,...,,.##.....(....,,.###
***,,..,,..#..........###...
*,*,..*..#.............†#.
*****.##..................
##........,.....#.....
##.......,,........#...
#.....(##,.......####.# ###
**,,#nO.#.........###.#
##*###.#########@................
#.##<..#....#..........##........
.......................#.........
............#####................
#.#........<# ##........#.......
#####..###.## ##.......#*#......#
#..##### ##........# ###....#
##...## #.........#####.....
###.....# #...................


You could see an ogre and a necrophage.

Vanquished Creatures
  Sigmund (D:3)
  A jelly (D:3)
  Natasha (D:3)
  4 adders
  2 worms
  3 dart slugs
  6 orcs
  2 ball pythons
  4 bats
  7 endoplasms
  3 giant cockroaches
  5 goblins
  9 hobgoblins
  2 quokkas (D:1)
  3 frilled lizards
  9 kobolds
  8 rats
70 creatures vanquished.

Notes
Turn   | Place    | Note
-------+----------+-------------------------------------------
     0 | Abyss:1  | Gargoyl the Gnoll Abyssal Knight began the quest for the
                  | Orb.
     0 | Abyss:1  | Reached XP level 1. HP: 23/23 MP: 3/3
    80 | Abyss:1  | Noticed a large abomination
    87 | Abyss:1  | Noticed a starcursed mass
    88 | D:1      | Escaped the Abyss
   216 | D:1      | Reached * piety under Lugonu
   259 | D:1      | Reached XP level 2. HP: 29/29 MP: 5/5
   700 | D:1      | Reached XP level 3. HP: 28/35 MP: 6/6
  1042 | D:1      | Found a faded altar of an unknown god.
  1586 | D:2      | Reached skill level 1 in Short Blades
  1586 | D:2      | Reached skill level 1 in Long Blades
  1586 | D:2      | Reached skill level 1 in Maces & Flails
  1586 | D:2      | Reached skill level 1 in Polearms
  1586 | D:2      | Reached skill level 1 in Staves
  1586 | D:2      | Reached skill level 1 in Slings
  1586 | D:2      | Reached skill level 1 in Bows
  1586 | D:2      | Reached skill level 1 in Crossbows
  1586 | D:2      | Reached skill level 1 in Throwing
  1586 | D:2      | Reached skill level 1 in Stealth
  1586 | D:2      | Reached skill level 1 in Shields
  1586 | D:2      | Reached skill level 1 in Unarmed Combat
  1586 | D:2      | Reached skill level 1 in Spellcasting
  1586 | D:2      | Reached skill level 1 in Evocations
  1591 | D:2      | Reached XP level 4. HP: 13/41 MP: 7/7
  2731 | D:3      | Found a basalt altar of Yredelemnul.
  2768 | D:3      | Reached skill level 1 in Conjurations
  2768 | D:3      | Reached skill level 1 in Hexes
  2768 | D:3      | Reached skill level 1 in Summonings
  2768 | D:3      | Reached skill level 1 in Necromancy
  2768 | D:3      | Reached skill level 1 in Translocations
  2768 | D:3      | Reached skill level 1 in Transmutations
  2768 | D:3      | Reached skill level 1 in Fire Magic
  2768 | D:3      | Reached skill level 1 in Ice Magic
  2768 | D:3      | Reached skill level 1 in Air Magic
  2768 | D:3      | Reached skill level 1 in Earth Magic
  2768 | D:3      | Reached skill level 1 in Poison Magic
  2847 | D:3      | You fall into a shaft and drop 1 floor!
  3066 | D:3      | Reached ** piety under Lugonu
  3221 | D:3      | Noticed Sigmund
  3469 | D:3      | Killed Sigmund
  3470 | D:3      | Reached skill level 5 in Invocations
  3470 | D:3      | Reached XP level 5. HP: 30/47 MP: 8/8
  3470 | D:3      | Reached XP level 6. HP: 34/53 MP: 9/9
  3652 | D:3      | Noticed Natasha
  3661 | D:3      | Killed Natasha
  3662 | D:3      | Reached skill level 5 in Axes
  3662 | D:3      | Reached skill level 5 in Armour
  4952 | D:4      | Noticed a necrophage
  4959 | D:4      | HP: 1/52 [ogre/+0 giant spiked club (16)]
  4959 | D:4      | Slain by a necrophage

Illustrated notes

Levels and vault maps discovered:
D:1:      sevenhm_arrival_forest_fort_small_6, layout_basic,
          shapermc_ecumenical_altar_mp_urbaneastern, st_stairs_13
D:2:      minmay_chambers_of_twos, layout_basic, grunt_decor_fettered,
          minmay_distorted
D:3:      layout_basic, yredelemnul_altar_generic, chequers_avenue,
          uniq_natasha, uniq_sigmund
D:4:      layout_cave_pools, minmay_circle_x

Skill      XL: |  1  2  3  4  5  6 |
---------------+-------------------+-----
Short Blades   | 1 2 |  2.0
Long Blades    | 1 2 |  2.0
Maces & Flails | 1 2 |  2.0
Polearms       | 1 2 |  2.0
Staves         | 1 2 |  2.0
Slings         | 1 2 |  2.0
Bows           | 1 2 |  2.0
Crossbows      | 1 2 |  2.0
Throwing       | 1 2 |  2.0
Stealth        | 1 2 |  2.0
Shields        | 1 2 |  2.0
Unarmed Combat | 1 2 |  2.0
Spellcasting   | 1 2 |  2.0
Evocations     | 1 2 |  2.0
Conjurations   | 1 |  1.6
Hexes          | 1 |  1.6
Summonings     | 1 |  1.6
Necromancy     | 1 |  1.6
Translocations | 1 |  1.6
Transmutations | 1 |  1.6
Fire Magic     | 1 |  1.6
Ice Magic      | 1 |  1.6
Air Magic      | 1 |  1.6
Earth Magic    | 1 |  1.6
Poison Magic   | 1 |  1.6
Dodging        | 3 |  3.3
Invocations    | 5 |  5.1
Axes           | 5 |  5.0
Armour         | 5 |  5.0
Fighting       | |  6.8

Action                   |  1- 3 |  4- 6 || total
-------------------------+-------+-------++-------
Melee: Hand axe          |   103 |    46 ||   149
       Bite              |     6 |    10 ||    16
       War axe           |       |    64 ||    64
Throw: Dart              |     1 |    13 ||    14
Invok: Depart the Abyss  |     1 |       ||     1
  Use: Scroll            |     4 |     4 ||     8
       Potion            |     1 |     1 ||     2
Armor: Ring mail         |    47 |    33 ||    80
       Chain mail        |       |    43 ||    43
Dodge: Dodged            |    39 |    17 ||    56
Block: Tower shield      |    56 |    94 ||   150

Table legend: (Time is in decaauts)
 A = Elapsed time spent in this place.
 B = Non-inter-level travel time spent in this place.
 C = Inter-level travel time spent in this place.
 D = Time resting spent in this place.
 E = Time spent auto-exploring this place.
 F = Levels seen in this place.
 G = Mean time per level.
                   A        B        C        D        E       F      G
               +--------+--------+--------+--------+--------+-----+--------+
         Total |   5097 |   5048 |     49 |    945 |   3232 |   5 | 1019.4 |
       Dungeon |   5009 |   4960 |     49 |    945 |   3194 |   4 | 1252.2 |
         Abyss |     88 |     88 |      0 |      0 |     38 |   1 |   88.0 |
               +--------+--------+--------+--------+--------+-----+--------+

Top non-repeatable levels by time:
     D:2: 1746 daAuts
     D:3: 1499 daAuts
     D:1: 1138 daAuts
     D:4: 624 daAuts
 Abyss:1: 88 daAuts
